[Event "FICS rated blitz game"]
[Site "FICS freechess.org"]
[FICSGamesDBGameNo "20000572"]
[White "Shota"]
[Black "Kajake"]
[WhiteElo "1834"]
[BlackElo "1826"]
[WhiteRD "na"]
[BlackRD "na"]
[TimeControl "240+0"]
[Date "1999.05.10"]
[Time "11:22:00"]
[WhiteClock "0:04:00.000"]
[BlackClock "0:04:00.000"]
[ECO "B22"]
[PlyCount "128"]
[Result "1/2-1/2"]

1. e4 c5 2. c3 d6 3. d4 Nf6 4. dxc5 dxc5 5. Qxd8+ Kxd8 6. Bc4 e6 7. f3 Bd6 8. Ne2 Nc6 9. O-O Bd7 10. Bf4 Bxf4 11. Nxf4 Ke7 12. Nd2 Rhd8 13. Rad1 Ne5 14. Be2 Bc6 15. Nc4 Nxc4 16. Bxc4 Rxd1 17. Rxd1 Rd8 18. Rxd8 Kxd8 19. Kf2 Ke7 20. Nd3 b6 21. Ne5 Bb7 22. Ke3 Kd6 23. Nxf7+ Ke7 24. Ne5 Kd6 25. Nf7+ Ke7 26. Ng5 h6 27. Nxe6 g5 28. g3 Nd7 29. f4 gxf4+ 30. gxf4 b5 31. Bb3 c4 32. Bc2 Kxe6 33. e5 h5 34. h4 Nf8 35. Bd1 Kf5 36. Bxh5 Ng6 37. Bxg6+ Kxg6 38. Kd4 Kf5 39. Kc5 a6 40. Kb6 Bc8 41. Kc7 Be6 42. Kb6 Kxf4 43. Kxa6 Bd7 44. e6 Bxe6 45. Kxb5 Kg4 46. a4 Kxh4 47. a5 Kg5 48. a6 Kf6 49. a7 Bd5 50. Kc5 Ba8 51. Kxc4 Ke6 52. Kc5 Kd7 53. Kb6 Kd6 54. c4 Bc6 55. b4 Kd7 56. b5 Ba8 57. c5 Kc8 58. c6 Kd8 59. Ka6 Kc7 60. Ka5 Kc8 61. Kb6 Kd8 62. Kc5 Kc7 63. b6+ Kc8 64. b7+ Bxb7 {White ran out of time and Black has no material to mate} 1/2-1/2

[Event "FICS rated blitz game"]
[Site "FICS freechess.org"]
[FICSGamesDBGameNo "20000570"]
[White "HitmanHaws"]
[Black "Degoop"]
[WhiteElo "1183"]
[BlackElo "1011"]
[WhiteRD "na"]
[BlackRD "na"]
[TimeControl "120+12"]
[Date "1999.05.10"]
[Time "03:08:00"]
[WhiteClock "0:02:00.000"]
[BlackClock "0:02:00.000"]
[ECO "C21"]
[PlyCount "31"]
[Result "1-0"]

1. e4 e5 2. d4 exd4 3. c3 dxc3 4. Bc4 Bc5 5. Nxc3 Qh4 6. Nh3 d6 7. Qf3 Nf6 8. Ng5 O-O 9. Nd5 Bg4 10. Nxf6+ gxf6 11. Qxf6 Be6 12. O-O Bxc4 13. Re1 Nd7 14. Qf5 Ne5 15. g3 Qg4 16. Qxh7# {Black checkmated} 1-0

[Event "FICS rated blitz game"]
[Site "FICS freechess.org"]
[FICSGamesDBGameNo "20000569"]
[White "johnsimons"]
[Black "boyie"]
[WhiteElo "1355"]
[BlackElo "1375"]
[WhiteRD "na"]
[BlackRD "na"]
[TimeControl "180+0"]
[Date "1999.05.09"]
[Time "23:52:00"]
[WhiteClock "0:03:00.000"]
[BlackClock "0:03:00.000"]
[ECO "A41"]
[PlyCount "31"]
[Result "1-0"]

1. d4 g6 2. c4 d6 3. Nf3 Nc6 4. d5 Ne5 5. Nxe5 dxe5 6. Qa4+ Bd7 7. Qa3 e6 8. Qf3 Qf6 9. Qxf6 Nxf6 10. Nc3 Bb4 11. Bd2 Bxc3 12. Bxc3 Ne4 13. Bxe5 Rf8 14. f3 Nc5 15. Bxc7 exd5 16. Bd6 {Black resigns} 1-0

[Event "FICS rated blitz game"]
[Site "FICS freechess.org"]
[FICSGamesDBGameNo "20000568"]
[White "PistolPete"]
[Black "LordByron"]
[WhiteElo "1308"]
[BlackElo "1396"]
[WhiteRD "na"]
[BlackRD "na"]
[TimeControl "300+2"]
[Date "1999.05.09"]
[Time "15:56:00"]
[WhiteClock "0:05:00.000"]
[BlackClock "0:05:00.000"]
[ECO "A46"]
[PlyCount "105"]
[Result "1-0"]

1. d4 Nf6 2. Nf3 d6 3. Bg5 g6 4. Nbd2 Bg7 5. c3 b6 6. e3 Bb7 7. Bb5+ Nbd7 8. Qa4 O-O 9. Bxf6 Nxf6 10. Bc6 Bxc6 11. Qxc6 a5 12. e4 Nh5 13. O-O e5 14. d5 Rc8 15. c4 Bh6 16. Nb3 Nf6 17. Nfd2 Bxd2 18. Nxd2 Qe7 19. f3 Nd7 20. b3 f5 21. Rae1 f4 22. a3 Nf6 23. b4 axb4 24. axb4 Ra8 25. Ra1 Qd8 26. Rxa8 Qxa8 27. Qxa8 Rxa8 28. Kf2 Kf7 29. Ke2 Ke7 30. Rb1 h5 31. Nb3 Ra2+ 32. Kf1 g5 33. Ra1 Rxa1+ 34. Nxa1 g4 35. Kf2 h4 36. Nc2 g3+ 37. hxg3 hxg3+ 38. Kf1 Kd8 39. Na3 Kc8 40. Nb5 Kb7 41. Nc3 c6 42. Ke2 c5 43. bxc5 bxc5 44. Nb5 Ne8 45. Kd3 Kb6 46. Kc3 Ka5 47. Na7 Kb6 48. Nc6 Nf6 49. Ne7 Nxe4+ 50. fxe4 f3 51. Nf5 f2 52. Nxg3 Kc7 53. Kd2 {Black resigns} 1-0

[Event "FICS rated blitz game"]
[Site "FICS freechess.org"]
[FICSGamesDBGameNo "20000567"]
[White "rnolet"]
[Black "JUICE"]
[WhiteElo "1531"]
[BlackElo "1621"]
[WhiteRD "na"]
[BlackRD "na"]
[TimeControl "180+0"]
[Date "1999.05.09"]
[Time "14:18:00"]
[WhiteClock "0:03:00.000"]
[BlackClock "0:03:00.000"]
[ECO "D63"]
[PlyCount "107"]
[Result "1/2-1/2"]

1. d4 e6 2. c4 d5 3. Nc3 Nf6 4. Bg5 Be7 5. e3 Nbd7 6. Nf3 O-O 7. Rc1 c6 8. cxd5 exd5 9. a3 h6 10. Bf4 Re8 11. b4 Nh5 12. Bg3 Nxg3 13. hxg3 Nf6 14. Be2 a5 15. b5 Bxa3 16. Rb1 Bb4 17. Qc2 Ne4 18. Rc1 Bf5 19. Bd3 Qe7 20. O-O Nxg3 21. fxg3 Qxe3+ 22. Kh1 Bxd3 23. Qd2 Qxd2 24. Nxd2 Bxf1 25. Nxf1 Bxc3 26. Rxc3 a4 27. bxc6 bxc6 28. Rxc6 Re1 29. Kg1 a3 30. Kf2 Rb1 31. Nd2 a2 32. Nxb1 axb1=Q 33. Rc5 Re8 34. Kf3 Qe1 35. Kf4 g5+ 36. Kg4 Qe2+ 37. Kh3 h5 38. Rxd5 Qf1 39. Rxg5+ Kf8 40. Rxh5 Qh1+ 41. Kg4 Re4+ 42. Kf3 Qxh5+ 43. Kxe4 f5+ 44. Kf4 Ke7 45. d5 Qg4+ 46. Ke3 Qe4+ 47. Kf2 Kd6 48. Kg1 Kxd5 49. g4 Qxg4 50. g3 Kd4 51. Kg2 Ke3 52. Kf1 Kf3 53. Ke1 Qxg3+ 54. Kd1 {Black ran out of time and White has no material to mate} 1/2-1/2

[Event "FICS rated blitz game"]
[Site "FICS freechess.org"]
[FICSGamesDBGameNo "20000566"]
[White "rossm"]
[Black "BigBob"]
[WhiteElo "1614"]
[BlackElo "1483"]
[WhiteRD "na"]
[BlackRD "na"]
[TimeControl "180+0"]
[Date "1999.05.09"]
[Time "11:24:00"]
[WhiteClock "0:03:00.000"]
[BlackClock "0:03:00.000"]
[ECO "B22"]
[PlyCount "79"]
[Result "1-0"]

1. e4 c5 2. Nf3 Nc6 3. c3 g6 4. Bd3 Bg7 5. Bc2 d6 6. h3 e6 7. d3 Nge7 8. Be3 O-O 9. Qd2 f5 10. Bh6 e5 11. Bxg7 Kxg7 12. O-O f4 13. d4 Be6 14. d5 Bd7 15. dxc6 Bxc6 16. Bb3 b6 17. Ng5 Qc7 18. Ne6+ Kh8 19. Nxc7 Rac8 20. Ne6 Rf5 21. g4 Rf6 22. Ng5 Bb5 23. Re1 Nc6 24. Na3 Rd8 25. Nxb5 a6 26. Na3 Na5 27. Nc4 Nxb3 28. axb3 b5 29. Na3 Kg7 30. Nc2 h6 31. Nf3 Rf7 32. Qd5 Rfd7 33. Rxa6 h5 34. Rd1 hxg4 35. hxg4 Kh6 36. Rxd6 Rxd6 37. Qxd6 Rh8 38. Qc6 Kg7 39. Rd6 Rh3 40. Rxg6+ {Black resigns} 1-0

[Event "FICS rated blitz game"]
[Site "FICS freechess.org"]
[FICSGamesDBGameNo "20000565"]
[White "Beppe"]
[Black "thomson"]
[WhiteElo "1578"]
[BlackElo "1464"]
[WhiteRD "na"]
[BlackRD "na"]
[TimeControl "120+12"]
[Date "1999.05.08"]
[Time "14:03:00"]
[WhiteClock "0:02:00.000"]
[BlackClock "0:02:00.000"]
[ECO "E91"]
[PlyCount "63"]
[Result "1-0"]

1. d4 Nf6 2. c4 g6 3. Nc3 Bg7 4. e4 d6 5. Nf3 O-O 6. Be2 Nbd7 7. h3 e5 8. Be3 Qe7 9. Qd2 Re8 10. d5 Nc5 11. Bxc5 dxc5 12. a3 Bd7 13. Rb1 a5 14. O-O Nh5 15. Ne1 Nf4 16. Nd3 Nxh3+ 17. gxh3 Bxh3 18. Rfe1 h5 19. Qe3 Qh4 20. Bf1 Bxf1 21. Kxf1 Kh7 22. Nxc5 Bh6 23. Qf3 Qe7 24. Nd3 Rh8 25. Ke2 Kg7 26. Rg1 Kf8 27. Rxg6 Ke8 28. Rg2 h4 29. Rbg1 Kd7 30. Qg4+ Kd8 31. Rh1 Bg5 32. Qxg5 {Black resigns} 1-0

[Event "FICS rated blitz game"]
[Site "FICS freechess.org"]
[FICSGamesDBGameNo "20000564"]
[White "Psolis"]
[Black "KillingFields"]
[WhiteElo "1775"]
[BlackElo "1952"]
[WhiteRD "na"]
[BlackRD "na"]
[TimeControl "180+0"]
[Date "1999.05.08"]
[Time "10:40:00"]
[WhiteClock "0:03:00.000"]
[BlackClock "0:03:00.000"]
[ECO "D30"]
[PlyCount "68"]
[Result "0-1"]

1. Nf3 d5 2. c4 e6 3. d4 c6 4. g3 dxc4 5. Bg2 Nf6 6. O-O b5 7. Qc2 Be7 8. Rd1 O-O 9. a4 Nd5 10. axb5 cxb5 11. b3 cxb3 12. Qxb3 a6 13. Ne5 Bb7 14. Ba3 Bxa3 15. Nxa3 Nd7 16. Nd3 Rc8 17. Rac1 Rxc1 18. Rxc1 Qa5 19. e4 N5f6 20. e5 Bxg2 21. Kxg2 Nd5 22. Nc5 Nxc5 23. dxc5 Rc8 24. c6 Qd2 25. Rc2 Qd4 26. Re2 Rxc6 27. Nc2 Qc4 28. Qf3 b4 29. h4 h6 30. g4 a5 31. g5 hxg5 32. hxg5 g6 33. Ne3 Nxe3+ 34. fxe3 Qd5 {White resigns} 0-1

[Event "FICS rated blitz game"]
[Site "FICS freechess.org"]
[FICSGamesDBGameNo "20000563"]
[White "OomJan"]
[Black "LDA"]
[WhiteElo "1643"]
[BlackElo "1689"]
[WhiteRD "na"]
[BlackRD "na"]
[TimeControl "300+0"]
[Date "1999.05.08"]
[Time "10:40:00"]
[WhiteClock "0:05:00.000"]
[BlackClock "0:05:00.000"]
[ECO "E81"]
[PlyCount "28"]
[Result "0-1"]

1. d4 Nf6 2. c4 g6 3. Nc3 Bg7 4. e4 O-O 5. f3 d6 6. Bg5 c5 7. d5 Nbd7 8. f4 h6 9. Bh4 a6 10. a4 Qb6 11. Qc2 Qb4 12. Bd3 Nb6 13. Qe2 Bg4 14. Qf1 Qxb2 {White resigns} 0-1

[Event "FICS rated blitz game"]
[Site "FICS freechess.org"]
[FICSGamesDBGameNo "20000562"]
[White "Elixir"]
[Black "Heraklit"]
[WhiteElo "1548"]
[BlackElo "1568"]
[WhiteRD "na"]
[BlackRD "na"]
[TimeControl "300+0"]
[Date "1999.05.08"]
[Time "10:38:00"]
[WhiteClock "0:05:00.000"]
[BlackClock "0:05:00.000"]
[ECO "A46"]
[PlyCount "54"]
[Result "0-1"]

1. d4 Nf6 2. Nf3 b5 3. a4 b4 4. Bd2 e6 5. c3 bxc3 6. bxc3 c5 7. Qc2 d5 8. Na3 Be7 9. Nb5 a6 10. Na3 O-O 11. Ne5 Nbd7 12. Nxd7 Bxd7 13. e3 cxd4 14. cxd4 Rc8 15. Qd3 Ne4 16. Be2 Nxd2 17. Qxd2 Bxa4 18. O-O Bb3 19. Rfb1 Bc4 20. Nxc4 dxc4 21. Qc3 a5 22. Rxa5 Qc7 23. Ra4 Rb8 24. Rxb8 Rxb8 25. g3 Rb1+ 26. Kg2 Qc6+ 27. Bf3 Qxa4 {White resigns} 0-1

[Event "FICS rated blitz game"]
[Site "FICS freechess.org"]
[FICSGamesDBGameNo "20000561"]
[White "hackberry"]
[Black "persidis"]
[WhiteElo "1253"]
[BlackElo "1288"]
[WhiteRD "na"]
[BlackRD "na"]
[TimeControl "120+12"]
[Date "1999.05.08"]
[Time "10:32:00"]
[WhiteClock "0:02:00.000"]
[BlackClock "0:02:00.000"]
[ECO "A01"]
[PlyCount "93"]
[Result "1-0"]

1. b3 e5 2. e3 d5 3. Bb2 Nc6 4. Nf3 Bd6 5. c4 d4 6. exd4 exd4 7. Nxd4 Be5 8. Nxc6 bxc6 9. Bxe5 Qe7 10. Qe2 Be6 11. Bxg7 O-O-O 12. Bxh8 Re8 13. d3 Qb4+ 14. Bc3 Qc5 15. Nd2 Qa3 16. Ne4 f5 17. Nf6 Nxf6 18. Bxf6 Bd7 19. Qxe8+ Bxe8 20. Be2 Qb4+ 21. Kd1 Qd6 22. Bg5 Qe5 23. Kc2 f4 24. Rhe1 Qxg5 25. Bf3 Bg6 26. Re2 Qf6 27. Rae1 Qd4 28. Be4 Bh5 29. f3 h6 30. Bxc6 Qd8 31. Re8 Bxe8 32. Rxe8 Qxe8 33. Bxe8 Kd8 34. Bc6 Ke7 35. Be4 Kd6 36. g3 fxg3 37. hxg3 Ke5 38. Kc3 c5 39. f4+ Kf6 40. g4 a5 41. a4 Ke6 42. d4 Kd6 43. f5 cxd4+ 44. Kxd4 Ke7 45. c5 Kf6 46. c6 Kg5 47. c7 {Black resigns} 1-0

[Event "FICS rated lightning game"]
[Site "FICS freechess.org"]
[FICSGamesDBGameNo "20000559"]
[White "Binford"]
[Black "terra"]
[WhiteElo "2196"]
[BlackElo "2280"]
[WhiteRD "na"]
[BlackRD "na"]
[TimeControl "60+0"]
[Date "1999.05.08"]
[Time "10:28:00"]
[WhiteClock "0:01:00.000"]
[BlackClock "0:01:00.000"]
[ECO "B01"]
[PlyCount "56"]
[Result "0-1"]

1. e4 d5 2. exd5 Nf6 3. Nf3 Bg4 4. Be2 Qxd5 5. O-O Nc6 6. h3 Qh5 7. hxg4 Nxg4 8. d4 O-O-O 9. c4 Nxd4 10. Nbd2 Nxf3+ 11. Nxf3 Rxd1 12. Rxd1 e5 13. Be3 Nxe3 14. fxe3 Qh6 15. Kf2 f6 16. Rh1 Qg6 17. Rhd1 Bd6 18. Bd3 e4 19. Bc2 Qg3+ 20. Kf1 exf3 21. gxf3 Qxf3+ 22. Ke1 Qxe3+ 23. Kf1 Qf3+ 24. Kg1 Qg3+ 25. Kf1 Re8 26. Rd3 Qf4+ 27. Kg2 Qh2+ 28. Kf3 Qg3# {White checkmated} 0-1

[Event "FICS rated blitz game"]
[Site "FICS freechess.org"]
[FICSGamesDBGameNo "20000558"]
[White "CALBOT"]
[Black "Carls"]
[WhiteElo "1429"]
[BlackElo "1326"]
[WhiteRD "na"]
[BlackRD "na"]
[TimeControl "300+0"]
[Date "1999.05.08"]
[Time "10:25:00"]
[WhiteClock "0:05:00.000"]
[BlackClock "0:05:00.000"]
[ECO "B50"]
[PlyCount "59"]
[Result "1-0"]

1. e4 c5 2. Bc4 d6 3. Nf3 Nf6 4. e5 dxe5 5. Nxe5 e6 6. O-O Bd6 7. Nf3 Bd7 8. d4 b5 9. dxc5 Bxc5 10. Be2 O-O 11. Be3 Bxe3 12. fxe3 a6 13. Ne5 Nc6 14. Nxd7 Qxd7 15. Qxd7 Nxd7 16. Nd2 e5 17. a3 Nf6 18. e4 Nd4 19. Bd3 Rfd8 20. Rad1 Rac8 21. c3 Nf3+ 22. Nxf3 Ng4 23. h3 Ne3 24. Nxe5 f6 25. Nf3 Nxf1 26. Kxf1 Rc7 27. Ke2 Re7 28. Nd4 g6 29. Nc6 Rxd3 30. Nxe7+ {Black resigns} 1-0

[Event "FICS rated blitz game"]
[Site "FICS freechess.org"]
[FICSGamesDBGameNo "20000557"]
[White "prz"]
[Black "MAdBorg"]
[WhiteElo "1767"]
[BlackElo "1602"]
[WhiteRD "na"]
[BlackRD "na"]
[TimeControl "180+0"]
[Date "1999.05.08"]
[Time "10:24:00"]
[WhiteClock "0:03:00.000"]
[BlackClock "0:03:00.000"]
[ECO "D31"]
[PlyCount "84"]
[Result "0-1"]

1. d4 d5 2. c4 e6 3. Nc3 c6 4. Nf3 Bd6 5. Bg5 Nf6 6. e3 O-O 7. Rc1 Qd7 8. Bd3 Ne4 9. Bxe4 dxe4 10. Nxe4 f5 11. Nxd6 Qxd6 12. O-O Nd7 13. Bf4 Qe7 14. Qb3 Qf7 15. Rfd1 Nf6 16. Bd6 Rd8 17. Bg3 Ne4 18. Ne5 Qh5 19. d5 exd5 20. cxd5 cxd5 21. Rxd5 Rxd5 22. Qxd5+ Kf8 23. Bf4 Nf6 24. Qd8+ Qe8 25. Qd6+ Qe7 26. Qxe7+ Kxe7 27. Rc7+ Kf8 28. h3 g6 29. Bh6+ Kg8 30. Rg7+ Kf8 31. Rxh7+ Ke8 32. Rh8+ Ke7 33. Bg5 Kd6 34. Bxf6 b6 35. Nf3 Bb7 36. Rxa8 Bxa8 37. Bc3 Bxf3 38. gxf3 a6 39. Kg2 a5 40. Kg3 Kd5 41. a3 b5 42. h4 b4 {White forfeits on time} 0-1

[Event "FICS rated blitz game"]
[Site "FICS freechess.org"]
[FICSGamesDBGameNo "20000556"]
[White "JRF"]
[Black "jurjenolav"]
[WhiteElo "1413"]
[BlackElo "1288"]
[WhiteRD "na"]
[BlackRD "na"]
[TimeControl "300+0"]
[Date "1999.05.08"]
[Time "09:48:00"]
[WhiteClock "0:05:00.000"]
[BlackClock "0:05:00.000"]
[ECO "C60"]
[PlyCount "64"]
[Result "0-1"]

1. e4 e5 2. Nf3 Nc6 3. Bb5 Qe7 4. Bxc6 dxc6 5. c3 Bg4 6. d3 Nf6 7. O-O O-O-O 8. Be3 h6 9. Qe2 c5 10. Nbd2 g5 11. a4 h5 12. Nb3 h4 13. h3 Bxf3 14. Qxf3 g4 15. Qf5+ Kb8 16. Bxc5 Qd7 17. Qxf6 gxh3 18. Qf5 hxg2 19. Kxg2 h3+ 20. Kh2 Qxd3 21. Rad1 Qxd1 22. Rxd1 Rxd1 23. Bxf8 Rxf8 24. Nc5 Rg8 25. Nd7+ Ka8 26. Qxh3 Rd2 27. Nf6 Rxf2+ 28. Kh1 Rxf6 29. Qh7 Rfg6 30. Kh2 Rg2+ 31. Kh3 R2g3+ 32. Kh4 Rg1 {White resigns} 0-1

[Event "FICS rated blitz game"]
[Site "FICS freechess.org"]
[FICSGamesDBGameNo "20000555"]
[White "arnakovitch"]
[Black "tarrax"]
[WhiteElo "1518"]
[BlackElo "1736"]
[WhiteRD "na"]
[BlackRD "na"]
[TimeControl "300+0"]
[Date "1999.05.08"]
[Time "07:27:00"]
[WhiteClock "0:05:00.000"]
[BlackClock "0:05:00.000"]
[ECO "E99"]
[PlyCount "128"]
[Result "1-0"]

1. d4 Nf6 2. c4 g6 3. Nc3 Bg7 4. e4 d6 5. Nf3 O-O 6. Be2 e5 7. O-O Nc6 8. d5 Ne7 9. Ne1 Nd7 10. f3 f5 11. Be3 f4 12. Bf2 g5 13. Nb5 a6 14. Na7 b6 15. Nxc8 Rxc8 16. b4 h5 17. c5 bxc5 18. bxc5 Ng6 19. c6 Nb6 20. Rb1 Rb8 21. Bxa6 Na4 22. Rxb8 Qxb8 23. Qxa4 g4 24. Be2 Qb2 25. Qc2 Rb8 26. Qxb2 Rxb2 27. Bc4 Bh6 28. Nd3 Rc2 29. Bb3 Rd2 30. Nb4 gxf3 31. gxf3 Bg5 32. Na6 Bd8 33. Be1 Re2 34. Ba5 Nh4 35. Bxc7 Bxc7 36. Nxc7 Re3 37. Ne6 Nxf3+ 38. Kf2 Nxh2 39. Rg1+ Ng4+ 40. Kf1 Rxe4 41. c7 Kh7 42. c8=Q Ne3+ 43. Kf2 Ng4+ 44. Kf3 Re3+ 45. Kg2 Rg3+ 46. Kf1 Ne3+ 47. Kf2 h4 48. Qd7+ Kg6 49. Qg7+ Kf5 50. Qf7+ Ke4 51. Qh7+ Nf5 52. Bc2+ Kxd5 53. Nxf4+ exf4 54. Qxf5+ Kc6 55. Be4+ Kc7 56. Rxg3 hxg3+ 57. Kg2 f3+ 58. Kxf3 g2 59. Kxg2 d5 60. Bxd5 Kd6 61. Qe6+ Kc5 62. Qc6+ Kd4 63. Kf3 Ke5 64. Qe6+ Kd4 {Black forfeits on time} 1-0

[Event "FICS rated blitz game"]
[Site "FICS freechess.org"]
[FICSGamesDBGameNo "20000554"]
[White "HayStack"]
[Black "Roederer"]
[WhiteElo "1058"]
[BlackElo "1140"]
[WhiteRD "na"]
[BlackRD "na"]
[TimeControl "120+12"]
[Date "1999.05.08"]
[Time "01:57:00"]
[WhiteClock "0:02:00.000"]
[BlackClock "0:02:00.000"]
[ECO "A00"]
[PlyCount "74"]
[Result "0-1"]

1. e3 e5 2. g3 c5 3. c3 d6 4. Bc4 Be6 5. Bb5+ Bd7 6. Bc4 Nf6 7. Qf3 Bc6 8. Qf5 Bxh1 9. d4 Be4 10. Bb5+ Bc6 11. dxe5 dxe5 12. Qxe5+ Be7 13. Bc4 b5 14. Be2 Be4 15. Nd2 Nbd7 16. Qf4 Bc6 17. Qg5 Bf8 18. c4 h6 19. Qf5 Qc7 20. Ngf3 Bd6 21. cxb5 Bxf3 22. Bxf3 Rb8 23. Bc6 Qc8 24. Bxd7+ Nxd7 25. Ne4 Qc7 26. a4 Qa5+ 27. Bd2 Qc7 28. Nc3 c4 29. Nd5 Qd8 30. Qe4+ Be5 31. Qxc4 Kf8 32. Bb4+ Kg8 33. Be7 Qe8 34. Rd1 Bxb2 35. Qe4 Ne5 36. Bd6 Rd8 37. Nc7 Qd7 {White forfeits on time} 0-1

[Event "FICS rated lightning game"]
[Site "FICS freechess.org"]
[FICSGamesDBGameNo "20000553"]
[White "KnightMate"]
[Black "muffin"]
[WhiteElo "1750"]
[BlackElo "1959"]
[WhiteRD "na"]
[BlackRD "na"]
[TimeControl "60+0"]
[Date "1999.05.07"]
[Time "18:47:00"]
[WhiteClock "0:01:00.000"]
[BlackClock "0:01:00.000"]
[ECO "E07"]
[PlyCount "61"]
[Result "1-0"]

1. d4 d5 2. Nf3 e6 3. g3 Nf6 4. Bg2 Be7 5. O-O O-O 6. c4 Nbd7 7. Nc3 dxc4 8. Nd2 a6 9. Nxc4 Rb8 10. Bf4 b5 11. Na5 Bb7 12. Nxb7 Qc8 13. Nc5 Nxc5 14. dxc5 Bxc5 15. Rc1 Rd8 16. Qc2 Ba7 17. Ne4 Nxe4 18. Bxe4 c5 19. Bxh7+ Kh8 20. Bxb8 Qxb8 21. Qe4 g5 22. Rcd1 f5 23. Bxf5 exf5 24. Qxf5 Rxd1 25. Qf6+ Kh7 26. Rxd1 Qe8 27. Qf5+ Kg7 28. Rd7+ Kg8 29. Qxg5+ Kh8 30. Qh6+ Kg8 31. Qg7# {Black checkmated} 1-0

[Event "FICS rated blitz game"]
[Site "FICS freechess.org"]
[FICSGamesDBGameNo "20000552"]
[White "Rokura"]
[Black "jco"]
[WhiteElo "1643"]
[BlackElo "1649"]
[WhiteRD "na"]
[BlackRD "na"]
[TimeControl "180+0"]
[Date "1999.05.07"]
[Time "13:13:00"]
[WhiteClock "0:03:00.000"]
[BlackClock "0:03:00.000"]
[ECO "B01"]
[PlyCount "80"]
[Result "0-1"]

1. e4 d5 2. exd5 Qxd5 3. Nc3 Qa5 4. d4 Nf6 5. Bd2 Bg4 6. f3 Bh5 7. Bc4 Nbd7 8. Nd5 Qa4 9. Nxc7+ Kd8 10. b3 Qc6 11. Nxa8 e6 12. Bf4 Bd6 13. Bxd6 Qxd6 14. Qd2 Ke7 15. O-O-O Rxa8 16. Ne2 Nb6 17. Bd3 Rc8 18. Qg5 Bg6 19. Bxg6 hxg6 20. Rhe1 Nd5 21. Nf4 Nxf4 22. Qxf4 Qa3+ 23. Kb1 Nd5 24. Qh4+ f6 25. Rxe6+ Kxe6 26. Re1+ Kf7 27. c4 Nc3+ 28. Kc2 Nxa2 29. Qe4 Nb4+ 30. Kc3 Qa6 31. Qe7+ Kg8 32. Qxb4 b5 33. c5 Qc6 34. d5 Qxd5 35. Rd1 Qe5+ 36. Qd4 Rxc5+ 37. Kb2 Qe2+ 38. Kb1 Rc2 39. Ka1 Ra2+ 40. Kb1 Qc2# {White checkmated} 0-1

[Event "FICS rated blitz game"]
[Site "FICS freechess.org"]
[FICSGamesDBGameNo "20000551"]
[White "solbes"]
[Black "Kebec"]
[WhiteElo "1278"]
[BlackElo "1188"]
[WhiteRD "na"]
[BlackRD "na"]
[TimeControl "180+15"]
[Date "1999.05.07"]
[Time "09:47:00"]
[WhiteClock "0:03:00.000"]
[BlackClock "0:03:00.000"]
[ECO "B12"]
[PlyCount "39"]
[Result "1-0"]

1. e4 c6 2. d4 d5 3. e5 Bf5 4. Nf3 Qb6 5. b3 e6 6. Bb2 Bg4 7. Be2 Bb4+ 8. c3 Bxf3 9. Bxf3 Ba5 10. b4 c5 11. bxa5 Qxb2 12. Nd2 Qxc3 13. O-O Qxd4 14. Qb3 Nc6 15. Qxb7 Rd8 16. Qxc6+ Ke7 17. Nb3 Qb4 18. Nxc5 Nh6 19. Qc7+ Kf8 20. Qxd8# {Black checkmated} 1-0

[Event "FICS rated blitz game"]
[Site "FICS freechess.org"]
[FICSGamesDBGameNo "20000550"]
[White "GauteX"]
[Black "Mertens"]
[WhiteElo "1068"]
[BlackElo "1320"]
[WhiteRD "na"]
[BlackRD "na"]
[TimeControl "180+0"]
[Date "1999.05.07"]
[Time "04:37:00"]
[WhiteClock "0:03:00.000"]
[BlackClock "0:03:00.000"]
[ECO "A00"]
[PlyCount "74"]
[Result "0-1"]

1. e3 e5 2. Qe2 d5 3. d4 e4 4. g3 Nf6 5. Bg2 Nc6 6. Nh3 Bb4+ 7. c3 Ba5 8. O-O a6 9. b4 Bb6 10. a4 O-O 11. a5 Ba7 12. Nd2 b6 13. Bb2 bxa5 14. bxa5 Bg4 15. Qe1 Qd7 16. Nf4 Nh5 17. h3 Nxf4 18. hxg4 Nxg2 19. Kxg2 Qxg4 20. Rh1 f5 21. f3 exf3+ 22. Nxf3 g5 23. Nh2 Qe4+ 24. Kg1 Rae8 25. Qe2 g4 26. Rf1 h5 27. Ba3 Rf7 28. Bc5 Bxc5 29. dxc5 Nxa5 30. Rf2 Nb3 31. Rf1 Qxe3+ 32. Qf2 Qxc3 33. Kg2 Re3 34. Nf3 Rfe7 35. Kg1 Re2 36. Qe3 Qxe3+ 37. Rf2 Qxf2# {White checkmated} 0-1

[Event "FICS rated blitz game"]
[Site "FICS freechess.org"]
[FICSGamesDBGameNo "20000549"]
[White "Verkkis"]
[Black "CalleGris"]
[WhiteElo "1978"]
[BlackElo "1904"]
[WhiteRD "na"]
[BlackRD "na"]
[TimeControl "180+0"]
[Date "1999.05.07"]
[Time "04:15:00"]
[WhiteClock "0:03:00.000"]
[BlackClock "0:03:00.000"]
[ECO "B45"]
[PlyCount "44"]
[Result "0-1"]

1. e4 c5 2. Nf3 e6 3. d4 cxd4 4. Nxd4 Nf6 5. Nc3 Nc6 6. Be3 Bb4 7. Be2 Nxe4 8. O-O Nxc3 9. bxc3 Bxc3 10. Nb5 Bxa1 11. Bc5 Be5 12. f4 Bb8 13. Bd6 a6 14. Bxb8 axb5 15. Bd6 Rxa2 16. f5 f6 17. Bh5+ g6 18. fxg6 Qb6+ 19. Kh1 hxg6 20. Bxg6+ Kd8 21. Rxf6 Qd4 22. Qf1 Ra1 {White resigns} 0-1

[Event "FICS rated blitz game"]
[Site "FICS freechess.org"]
[FICSGamesDBGameNo "20000548"]
[White "ThomS"]
[Black "malaysiaman"]
[WhiteElo "1150"]
[BlackElo "1260"]
[WhiteRD "na"]
[BlackRD "na"]
[TimeControl "300+12"]
[Date "1999.05.07"]
[Time "02:28:00"]
[WhiteClock "0:05:00.000"]
[BlackClock "0:05:00.000"]
[ECO "C54"]
[PlyCount "31"]
[Result "1-0"]

1. e4 e5 2. Nf3 Nc6 3. Bc4 Bc5 4. c3 Nf6 5. d3 Ng4 6. Be3 Nxe3 7. fxe3 Bxe3 8. b4 O-O 9. Qe2 Bf4 10. O-O Rb8 11. d4 exd4 12. cxd4 Qf6 13. e5 Qg6 14. Bd3 Qe6 15. Qe4 Nxb4 16. Qxh7# {Black checkmated} 1-0

[Event "FICS rated lightning game"]
[Site "FICS freechess.org"]
[FICSGamesDBGameNo "20000547"]
[White "manel"]
[Black "hardboard"]
[WhiteElo "1324"]
[BlackElo "1564"]
[WhiteRD "na"]
[BlackRD "na"]
[TimeControl "60+0"]
[Date "1999.05.06"]
[Time "22:31:00"]
[WhiteClock "0:01:00.000"]
[BlackClock "0:01:00.000"]
[ECO "A41"]
[PlyCount "44"]
[Result "0-1"]

1. d4 d6 2. e3 c6 3. f4 e6 4. Nf3 f6 5. Bd3 g6 6. O-O f5 7. Nbd2 Nd7 8. c3 Ne7 9. h4 Bg7 10. Ng5 Nf6 11. Ndf3 Ng4 12. Nh2 O-O 13. Nxg4 fxg4 14. Qxg4 e5 15. fxe5 Rxf1+ 16. Kxf1 Bxg4 17. Kg1 Qd7 18. e6 Bxe6 19. Nxe6 Qxe6 20. Bd2 Qg4 21. Rf1 Rf8 22. Rxf8+ Kxf8 {White resigns} 0-1

[Event "FICS rated blitz game"]
[Site "FICS freechess.org"]
[FICSGamesDBGameNo "20000546"]
[White "Vincia"]
[Black "malcom"]
[WhiteElo "1776"]
[BlackElo "1686"]
[WhiteRD "na"]
[BlackRD "na"]
[TimeControl "300+0"]
[Date "1999.05.06"]
[Time "18:20:00"]
[WhiteClock "0:05:00.000"]
[BlackClock "0:05:00.000"]
[ECO "B80"]
[PlyCount "56"]
[Result "0-1"]

1. e4 c5 2. Nf3 d6 3. d4 cxd4 4. Nxd4 Nf6 5. Nc3 a6 6. Be3 e6 7. f3 Be7 8. Qd2 b5 9. O-O-O Bb7 10. g4 Nfd7 11. h4 Nc5 12. Qf2 Nbd7 13. Ndxb5 axb5 14. Bxb5 O-O 15. Bxc5 Nxc5 16. g5 Qc7 17. f4 Rfd8 18. Rhe1 d5 19. e5 Ba6 20. a3 Bxb5 21. Nxb5 Qb6 22. Nc3 Nb3+ 23. cxb3 Qxf2 24. Rf1 Qe3+ 25. Kb1 Bxa3 26. bxa3 Qxc3 27. Ka2 Qc2+ 28. Ka1 Rxa3# {White checkmated} 0-1